Map: [ESL] Royal Blood

Players

Future - Winner!

  • Race: Terran Terran
  • Spawn Location: 1:00

Vindicta

  • Race: Terran Terran
  • Spawn Location: 7:00

Event: ESL SC2 Masters 2023 Summer (Regionals)

VOD

Have the link to the VOD?

Description

Time

  • Played on: May 9, 2023, 1:41 p.m.
  • Length: 9:08

All games in this series

Show
View Real Time Build Order
Export as new Build Order

Future Terran - Winner!

Build Orders:  

Get SALT Encoding   

  12  0:00  SCV  
  13  0:12  SCV  
  14  0:17  Supply Depot  
  14  0:24  SCV  
  15  0:38  SCV  
  15  0:39  Barracks  
  16  0:43  Refinery  
  16  0:50  SCV  
  16  0:52  Refinery  
  17  1:03  SCV  
  18  1:15  SCV  
  19  1:26  Reaper  
  19  1:27  Orbital Command  
  20  1:38  Supply Depot  
  20  1:41  Factory  
  20  1:52  SCV  
  21  1:58  Reaper  
  22  2:04  SCV  
  23  2:16  SCV  
  23  2:17  Command Center  
  24  2:27  Hellion  
  24  2:29  SCV  
  26  2:32  Reaper  
  26  2:35  Supply Depot  
  27  2:41  SCV  
  28  2:48  Hellion  
  30  2:53  SCV  
  30  2:57  Starport  
  31  3:05  SCV  
  32  3:08  Barracks Reactor  
  32  3:10  Factory Tech Lab  
  32  3:17  SCV  
  33  3:29  SCV  
  34  3:35  Siege Tank  
  37  3:41  Orbital Command  
  37  3:43  SCV  
  37  3:44  Marine x2  
  37  3:48  Medivac  
  42  3:55  Refinery  
  42  3:56  SCV  
  41  4:03  Marine x2  
  41  4:08  SCV  
  40  4:14  Siege Tank  
  40  4:15  SCV  
  43  4:21  Marine x2  
  43  4:22  Starport Tech Lab  
  43  4:24  SCV  
  46  4:26  Supply Depot  
  46  4:27  SCV  
  47  4:36  SCV  
  47  4:38  Barracks  
  48  4:39  Marine x2, SCV  
  48  4:43  Raven  
  53  4:48  SCV  
  53  4:51  SCV  
  55  4:56  Siege Tank  
  57  5:00  SCV  
  57  5:03  SCV  
  53  5:08  Marine  
  53  5:09  Marine  
  53  5:12  SCV  
  53  5:15  SCV, Engineering Bay  
  53  5:17  Refinery, Supply Depot  
  54  5:24  SCV  
  54  5:25  Starport Reactor  
  54  5:26  Marine  
  54  5:27  Marine, SCV  
  58  5:29  Barracks  
  58  5:35  Marine  
  58  5:36  Stimpack, SCV  
  58  5:39  Siege Tank  
  58  5:40  SCV  
  64  5:42  Terran Infantry Weapons Level 1, Supply Depot  
  64  5:45  Marine x2  
  64  5:48  SCV  
  67  5:52  SCV  
  67  5:53  Marine  
  67  5:55  Supply Depot  
  69  6:01  SCV  
  70  6:04  Marine x2  
  70  6:05  Medivac x2  
  70  6:11  Marine  
  77  6:17  Siege Tank  
  80  6:18  Marine  
  80  6:22  Marine x2  
  80  6:25  Command Center  
  83  6:31  Supply Depot x2  
  83  6:33  Marine  
  84  6:44  Marine x2  
  86  6:47  Starport Reactor  
  86  6:52  Marine x2, Siege Tank  
  91  6:54  Supply Depot  
  91  6:55  Supply Depot  
  91  6:57  Marine  
  92  7:02  Marine x2  
  92  7:06  SCV x2  
  96  7:10  Marine x2  
  96  7:12  Barracks  
  96  7:13  Barracks  
  96  7:15  Marine  
  98  7:18  Supply Depot  
  98  7:20  Marine x2, SCV  
  102  7:23  Combat Shield  
  102  7:25  Siege Tank  
  102  7:28  Marine x2  
  102  7:29  Medivac  
  109  7:31  Medivac  
  109  7:33  SCV, Marine  
  109  7:37  Orbital Command  
  113  7:39  Marine  
  113  7:41  Marine  
  115  7:48  SCV x2  
  117  7:53  Supply Depot  
  117  8:00  SCV  
  117  8:04  SCV x2  
  120  8:07  Siege Tank  
  120  8:11  Marine  
  120  8:12  Marine  
  120  8:13  Marine x3  
  120  8:14  Marine  
  120  8:18  Marine  
  110  8:20  SCV  
  110  8:24  Medivac x2  
  117  8:30  Marine  
  111  8:36  Marine x2  
  111  8:37  Barracks Reactor x2  
  111  8:38  Marine  
  113  8:43  SCV, Armory  
  113  8:44  Engineering Bay  
  114  8:50  Marine x2  
Show
View Real Time Build Order
Export as new Build Order

Vindicta Terran 

Build Orders:  

Get SALT Encoding   

  12  0:00  SCV  
  13  0:12  SCV  
  14  0:17  Supply Depot  
  14  0:24  SCV  
  15  0:39  SCV  
  15  0:42  Barracks  
  16  0:43  Refinery  
  16  0:51  SCV  
  17  0:59  Barracks  
  17  1:03  SCV  
  18  1:08  Refinery  
  18  1:15  SCV  
  19  1:29  Reaper  
  19  1:32  Orbital Command  
  20  1:46  Reaper  
  21  1:48  Supply Depot  
  21  1:58  SCV  
  22  2:01  Reaper  
  23  2:10  SCV  
  23  2:12  Factory  
  24  2:19  Reaper  
  24  2:22  SCV  
  26  2:32  Supply Depot  
  26  2:33  Reaper  
  26  2:34  SCV  
  27  2:46  SCV  
  28  2:51  Reaper  
  28  2:56  Hellion  
  31  3:00  SCV  
  31  3:04  Command Center  
  32  3:09  Reaper  
  32  3:16  SCV  
  32  3:18  Hellion  
  35  3:26  Starport  
  35  3:29  Barracks Tech Lab, Supply Depot  
  35  3:32  SCV  
  36  3:44  SCV  
  36  3:47  Barracks Reactor  
  37  3:48  Refinery  
  34  4:07  SCV  
  30  4:12  Cyclone  
  30  4:14  Starport Tech Lab  
  32  4:17  Orbital Command  
  32  4:19  Marine  
  32  4:20  SCV  
  32  4:23  Marine x2  
  36  4:33  Raven  
  36  4:36  Marine  
  39  4:39  Supply Depot  
  39  4:40  SCV  
  39  4:41  Marine x2  
  39  4:42  SCV  
  39  4:45  Siege Tank  
  46  4:52  SCV  
  41  4:54  SCV  
  41  5:04  SCV  
  41  5:06  SCV  
  40  5:10  Marine  
  37  5:15  Stimpack, Marine  
  37  5:16  Marine, SCV  
  37  5:18  SCV  
  41  5:23  Starport Reactor  
  41  5:28  Barracks, SCV, Marine  
  42  5:30  SCV  
  44  5:39  Siege Tank  
  44  5:40  SCV  
  49  5:42  SCV, Marine  
  49  5:47  Marine x2  
  52  5:52  SCV  
  52  5:55  SCV  
  54  6:04  SCV, Medivac  
  54  6:05  Medivac  
  54  6:06  Marine x2  
  54  6:07  SCV, Supply Depot  
  62  6:12  Marine  
  62  6:14  Siege Tank  
  62  6:17  SCV  
  67  6:19  SCV  
  67  6:22  Barracks Reactor  
  67  6:24  Marine x2  
  70  6:29  SCV, Supply Depot  
  70  6:31  SCV  
  73  6:34  Medivac  
  75  6:40  Medivac  
  75  6:41  SCV  
  78  6:50  Marine, Refinery  
  78  6:51  SCV, Supply Depot  
  79  6:55  Command Center  
  79  6:56  SCV  
  79  6:59  Marine  
  82  7:01  Combat Shield  
  82  7:03  SCV  
  82  7:05  Marine  
  82  7:06  Marine  
  82  7:08  Marine  
  85  7:13  Marine  
  87  7:21  Engineering Bay  
  85  7:23  Marine  
  85  7:24  Engineering Bay, Marine  
  85  7:26  Siege Tank  
  90  7:33  Liberator  
  93  7:39  SCV  
  93  7:42  Marine  
  94  7:44  Supply Depot  
  94  7:55  Liberator, Marine x2  
  94  7:57  SCV x2  
  101  7:58  Marine  
  100  8:06  Marine x2  
  100  8:09  SCV  
  90  8:13  Marine x2  
  90  8:16  Marine  
  70  8:23  SCV  
  70  8:24  Marine x2  
  69  8:29  Orbital Command x2  
  69  8:31  Marine x2  
  63  8:34  Marine  
  63  8:41  SCV, Marine  
  61  8:49  Marine x2  
  61  8:53  SCV  
Tags
 
Add a new tag
Caveats
  • Supply blocks, unpowered buildings, or Contaminate may cause inaccurate times.
  • Supply counts are checked every 10 seconds.